 Dungeon Crawl Stone Soup version 0.31-a0-840-g6d2ecbb638 (webtiles) character file.

Game seed: 5983429235372629407

123852 Ivernyr the Warrior (level 16, -16/94 (96) HPs)
             Began as a Vine Stalker Gladiator on Sept 27, 2023.
             Was the Champion of Wu Jian.
             Demolished by a deep elf knight
             ... wielding a +0 long sword
              (21 damage)
             ... on level 2 of the Elven Halls.
             The game lasted 01:15:18 (18413 turns).

Ivernyr the Warrior (Vine Stalker Gladiator)       Turns: 18413, Time: 01:15:19

HP:   -16/94 (96)   AC: 13    Str: 25    XL:     16   Next: 91%
MP:   0/17          EV: 20    Int:  8    God:    Wu Jian [******]
Gold: 1253          SH:  0    Dex: 16    Spells: 15/15 levels left

rFire   . . .        b - +2 lajatang (freeze)
rCold   . . .        (shield currently unavailable)
rNeg    . . .        I - +1 robe of Vines {NoPotionHeal Regen++++}
rPois   .            c - +2 hat {Stlth+}
rElec   .            E - +2 cloak
rCorr   .            m - +2 pair of gloves
SInv    .            D - +1 pair of boots
Will    ++...        (no amulet)
Stlth   ++           Q - +4 ring of slaying
HPRegen 4.35/turn    (no ring)
MPRegen 0.15/turn

%: guardian spirit
@: lightly drained
A: fangs 3, regeneration 1, magic shield, antimagic bite, no potion heal 2
a: Renounce Religion, Wall Jump, Serpent's Lash, Heavenly Storm


You were on level 2 of the Elven Halls.
You worshipped Wu Jian.
Wu Jian was exalted by your worship.
You visited 5 branches of the dungeon, and saw 20 of its levels.

You collected 1343 gold pieces.
You spent 90 gold pieces at shops.

Inventory:

Hand Weapons
 a - a +0 quarterstaff
 b - a +2 lajatang of freezing (weapon)
Missiles
 d - 5 throwing nets (quivered)
 e - 5 javelins
Armour
 c - a +2 hat of stealth (worn)
 m - a +2 pair of gloves (worn)
 D - a +1 pair of boots (worn)
 E - a +2 cloak (worn)
 H - the +7 Kryia's mail coat {PotionHeal*2 rC+}
   (You found it on level 8 of the Dungeon)

   PotionHeal*2: Potions heal its wearer twice as much.
   rC+:       It protects you from cold.
 I - the +1 robe of Vines (worn) {NoPotionHeal Regen++++}
   (You found it on level 5 of the Lair of Beasts)

   NoPotionHeal: Its wearer cannot be healed by potions.
   Regen++++: It increases your rate of health regeneration.
Jewellery
 v - a ring of resist corrosion
 Q - a +4 ring of slaying (left hand)
Wands
 q - a wand of polymorph (5)
 A - a wand of light (20)
 F - a wand of paralysis (6)
 M - a wand of flame (16)
 O - a wand of roots (4)
Scrolls
 l - a scroll of fog
 n - a scroll of poison
 o - 12 scrolls of teleportation
 p - 2 scrolls of fear
 t - 2 scrolls of enchant weapon
 w - 2 scrolls of amnesia
 y - a scroll of immolation
 B - a scroll of blinking
 C - 2 scrolls of silence
 G - a scroll of enchant armour
 J - 2 scrolls of revelation
 P - a scroll of identify
Potions
 f - 2 potions of might
 g - 2 potions of brilliance
 h - 4 potions of resistance
 i - a potion of mutation
 j - 8 potions of curing
 k - 10 potions of attraction
 r - 2 potions of enlightenment {unknown}
 s - 4 potions of invisibility
 u - a potion of lignification {unknown}
 x - 2 potions of haste {unknown}
 z - 4 potions of berserk rage {unknown}
 K - 2 potions of cancellation {unknown}
 L - a potion of magic {unknown}
 N - a potion of ambrosia {unknown}


   Skills:
 + Level 16.2 Fighting
 + Level 16.1 Staves
 - Level 1.7 Throwing
 + Level 14.9 Dodging


You had 15 spell levels left.
You didn't know any spells.
Your spell library contained the following spells:

 Spells                   Type           Power      Damage    Failure   Level
 Apportation              Tloc           0%         N/A       41%         1
 Necrotise                Necr           0%         1d4       41%         1
 Summon Small Mammal      Summ           0%         N/A       41%         1
 Blink                    Tloc           0%         N/A       54%         2
 Ensorcelled Hibernation  Hex/Ice        0%         N/A       54%         2
 Lesser Beckoning         Tloc           0%         N/A       54%         2
 Momentum Strike          Conj/Tloc      0%         3d8       54%         2
 Passwall                 Tmut/Erth      0%         N/A       54%         2
 Sublimation of Blood     Necr           0%         N/A       54%         2
 Swiftness                Air            0%         N/A       78%         3
 Petrify                  Tmut/Erth      0%         N/A       99%         4
 Irradiate                Conj/Tmut      0%         3d11      100%        5


Dungeon Overview and Level Annotations

Branches:
Dungeon (10/15)            Temple (1/1) D:5            Lair (5/5) D:9
 Shoals (0/4) Lair:3       Spider (0/4) Lair:2        Slime (0/5) Lair:4
    Orc (2/2) D:10            Elf (2/3) Orc:2

Altars:
Ashenzari
Cheibriados
Dithmenos
Elyvilon
Fedhas
Gozag
Hepliaklqana
Kikubaaqudgha
Makhleb
Nemelex Xobeh
Okawaru
Qazlal
Ru
Sif Muna
Trog
Uskayaw
Vehumet
Wu Jian
Xom
Yredelemnul
Zin
The Shining One
Lugonu

Shops:
D:5 *?*   D:7 (   Orc:2 ***[   Elf:1 [

Portals:
Abyss: Lair:5

Annotations:
D:4 2 runed translucent doors, qipq's ghost, amateur FeCj
Lair:2 exclusion: oklob plant
Lair:3 2 transporters
Orc:1 1 runed translucent door, Mls's ghost, journeyman MeFi


Innate Abilities, Weirdness & Mutations

You have razor-sharp teeth.
Your natural rate of healing is unusually fast.
When hurt, damage is shared between your health and your magic reserves.
Your bite disrupts and absorbs the magic of your enemies.
Potions cannot restore your health.


Message History

You see here a +2 mace of draining.
You lunge at the deep elf knight, in a flurry of attacks.
You closely miss the deep elf knight. Your bite misses the deep elf knight.
You miss the deep elf knight. The deep elf knight blocks your attack.
The deep elf knight mumbles some strange words.
The deep elf knight seems to speed up.
The deep elf knight gestures wildly while chanting.
The deep elf knight seems to speed up.
You slash the deep elf knight! You freeze the deep elf knight.
Your bite misses the deep elf knight.
The deep elf knight is moderately wounded.
The deep elf knight gestures at you while chanting.
The shard of ice hits you!!
The deep elf knight gestures wildly while chanting.
The deep elf knight flickers and vanishes!
Deactivating autopickup; reactivate with Ctrl-A.
The deep elf knight mumbles some strange words.
The deep elf knight flickers and vanishes!
Something hits you!
Unknown command.
You closely miss something. Something hits you!
You hear some strange, mumbled words.
A lance of force appears from out of thin air!
The lance of force hits you!!
You are knocked back by the lance of force.
A shard of ice appears from out of thin air!
The shard of ice misses you.
Unknown command.
Something hits you! Something hits you! Something hits you but does no damage.
You hear some strange, mumbled words.
A shard of ice appears from out of thin air!
The shard of ice hits you!!!
* * * LOW HITPOINT WARNING * * *
You hear some strange, mumbled words.
A shard of ice appears from out of thin air!
The shard of ice hits you!!
* * * LOW HITPOINT WARNING * * *
Something hits you!!
You die...

#.......# .........# ##).....#
........# ###.....### ###
......# ##......## ##.##
#....# #....)..# #...# #....#
##.......## ##...## ##....##
##.........###.....###......##
.......................).....#
..........).....@............#
..................{..........#
..............)###..........##
.............)## ##........##
))............# #........#
#)...........## ##.......#
#))........### ###......#
).'.......## ##......#
).##.)...)# #......#


There were no monsters in sight!

Vanquished Creatures
  Rupert (Orc:2)
  Gastronok (Lair:1)
  2 deep elf sorcerers
  2 orc warlords (Orc:2)
  A deep elf demonologist (Elf:1)
  2 deep elf death magi (Elf:1)
  5 hydras
  A boulder beetle (Lair:1)
  26 dancing weapons
  11 death yaks
  4 two-headed ogres
  6 orc high priests
  2 thrashing horrors (Lair:5)
  13 deep elf knights
  Nergalle (D:10)
  3 skysharks
  10 deep elf archers
  17 deep elf pyromancers
  7 orc knights (Orc:2)
  3 large abominations (Lair:5)
  5 orc sorcerers
  2 ugly things (Lair:5)
  18 deep elf zephyrmancers
  Joseph (D:9)
  18 elephants
  3 black mambas
  Maurice (D:10)
  A merfolk siren (Lair:3)
  A torpor snail (Lair:2)
  2 smoke demons (Lair:5)
  13 cane toads
  A rime drake (Lair:2)
  17 komodo dragons
  A kobold demonologist (D:10)
  3 trolls
  5 polar bears
  A hornet (D:9)
  3 raiju (Lair:5)
  26 blink frogs
  12 dream sheep
  A jumping spider (shapeshifter) (Lair:5)
  A ynoxinul (Lair:5)
  3 water elementals
  An air elemental (Elf:1)
  A spriggan (Lair:5)
  9 small abominations (Lair:5)
  A wraith (D:10)
  40 yaks
  6 basilisks
  A basilisk (shapeshifter) (Lair:5)
  7 wyverns
  2 steam dragons
  2 chaos spawn (Lair:5)
  5 fire elementals
  5 wargs
  12 water moccasins
  3 ice beasts
  2 black bears
  41 orc warriors
  12 ogres
  15 wolves
  2 centaurs
  A phantom (D:4)
  3 kobold brigands
  11 bullfrogs
  A gnoll sergeant (D:10)
  A scorpion (D:6)
  6 killer bees (D:9)
  4 howler monkeys
  10 electric eels
  A jelly (D:6)
  A gnoll bouda (D:6)
  33 orc priests
  3 hounds
  2 sleepcaps
  3 iguanas
  20 orc wizards
  2 hound zombies (D:4)
  A howler monkey skeleton (D:4)
  7 gnolls
  8 adders
  A shadow imp (D:3)
  A white imp (D:8)
  An ufetubus (D:4)
  2 worms (D:2)
  97 orcs
  4 bats
  13 endoplasms
  2 giant cockroaches
  4 hobgoblins
  2 jackals (D:5)
  24 kobolds
  5 quokkas
  7 ball pythons
  2 frilled lizards (D:1)
  7 goblins
  12 rats
726 creatures vanquished.

Notes
Turn   | Place    | Note
-------+----------+-------------------------------------------
     0 | D:1      | Ivernyr the Vine Stalker Gladiator began the quest for the
                  | Orb.
     0 | D:1      | Reached XP level 1. HP: 11/11 MP: 2/2
   195 | D:1      | Reached XP level 2. HP: 15/15 MP: 3/3
   933 | D:2      | Reached XP level 3. HP: 18/18 MP: 2/4
  1169 | D:2      | Reached XP level 4. HP: 21/23 MP: 5/5
  1720 | D:3      | Found an ancient bone altar of Kikubaaqudgha.
  1720 | D:3      | Found a broken altar of Ashenzari.
  2051 | D:3      | Noticed a black bear
  2062 | D:3      | Killed a black bear
  2063 | D:3      | Reached XP level 5. HP: 14/28 MP: 2/6
  2439 | D:4      | Noticed a phantom
  2450 | D:4      | Killed a phantom
  2451 | D:4      | Reached XP level 6. HP: 32/32 MP: 5/7
  2772 | D:4      | Reached XP level 7. HP: 37/37 MP: 8/8
  3005 | D:4      | Found a stormy altar of Qazlal.
  3041 | D:4      | Found a large runed translucent door.
  3042 | D:4      | Found a large runed translucent door.
  3045 | D:4      | Noticed qipq's ghost (amateur FeCj)
  3267 | D:5      | Entered Level 5 of the Dungeon
  3287 | D:5      | Found Qayxao's Assorted Antiques.
  3355 | D:5      | Reached skill level 5 in Staves
  3371 | D:5      | Found Quamnat's Magic Scroll Shoppe.
  3404 | D:5      | Bought 3 scrolls of identify for 90 gold pieces
  3576 | D:5      | Gained mutation: You have razor-sharp teeth. [Vine Stalker
                  | growth]
  3576 | D:5      | Reached XP level 8. HP: 31/42 MP: 5/9
  3660 | D:5      | Reached skill level 5 in Fighting
  3740 | D:5      | Reached skill level 5 in Dodging
  3755 | D:5      | Found a staircase to the Ecumenical Temple.
  3775 | Temple   | Entered the Ecumenical Temple
  3793 | Temple   | Became a worshipper of the Wu Jian Council
  3896 | D:5      | Found an opulent altar of Gozag.
  3896 | D:5      | Found a sparkling altar of Nemelex Xobeh.
  3954 | D:5      | Found Wiuceol's Assorted Antiques.
  4412 | D:6      | Found a glowing silver altar of Zin.
  5701 | D:7      | Found Zutra's Antique Weapon Boutique.
  5807 | D:7      | Reached XP level 9. HP: 9/48 MP: 2/10
  5807 | D:7      | HP: 2/48 [something (7)]
  6628 | D:8      | Reached * piety under Wu Jian
  6634 | D:8      | Found the +7 Kryia's mail coat {PotionHeal*2 rC+}
  6886 | D:8      | Found a shimmering blue altar of Sif Muna.
  7190 | D:9      | Reached XP level 10. HP: 55/55 MP: 11/11
  7212 | D:9      | Reached ** piety under Wu Jian
  7268 | D:9      | Found a staircase to the Lair.
  7578 | D:9      | Noticed a two-headed ogre
  7597 | D:9      | Killed a two-headed ogre
  7971 | Lair:1   | Entered Level 1 of the Lair of Beasts
  7971 | Lair:1   | Noticed Joseph
  7984 | D:9      | Killed Joseph
  7996 | D:9      | Reached XP level 11. HP: 15/62 MP: 4/12
  8127 | Lair:1   | Noticed a boulder beetle
  8130 | Lair:1   | Reached *** piety under Wu Jian
  8141 | Lair:1   | Killed a boulder beetle
  8147 | Lair:1   | Noticed Gastronok
  8234 | Lair:1   | Killed Gastronok
  8460 | Lair:1   | Reached skill level 10 in Staves
  8485 | Lair:1   | Reached skill level 10 in Fighting
  8796 | Lair:2   | Noticed a seven-headed hydra
  8924 | Lair:2   | Reached XP level 12. HP: 48/68 MP: 13/13
  8997 | Lair:2   | Killed a seven-headed hydra
  8998 | Lair:2   | Reached skill level 10 in Dodging
  9121 | Lair:2   | Noticed a skyshark
  9217 | Lair:2   | Found a hole to the Spider Nest.
  9459 | Lair:2   | Killed a skyshark
  9495 | Lair:2   | Reached **** piety under Wu Jian
  9551 | Lair:2   | Found a blossoming altar of Fedhas.
  9999 | Lair:3   | Found a transporter.
 10001 | Lair:3   | Found a transporter.
 10090 | Lair:3   | Reached XP level 13. HP: 40/74 MP: 14/14
 10348 | Lair:2   | HP: 3/75 [death yak (16)]
 10351 | Lair:2   | HP: 1/75 [death yak (9)]
 10678 | Lair:3   | Found a staircase to the Shoals.
 11985 | Lair:4   | Found a staircase to the Slime Pits.
 12052 | Lair:5   | Entered Level 5 of the Lair of Beasts
 12087 | Lair:5   | Found the +1 robe of Vines {NoPotionHeal Regen++++}
 12228 | Lair:5   | Reached XP level 14. HP: 70/81 MP: 13/15
 12311 | Lair:5   | Identified the +7 scimitar "Lutem" {pain, rC+}
 12354 | Lair:5   | Found a corrupted altar of Lugonu.
 12354 | Lair:5   | Found a one-way gate to the infinite horrors of the Abyss.
 12659 | Lair:5   | Reached ***** piety under Wu Jian
 12927 | Lair:5   | HP: 2/83 [death yak (3)]
 13490 | D:10     | Entered Level 10 of the Dungeon
 13490 | D:10     | Noticed Nergalle
 13490 | D:10     | Found a hazy altar of Hepliaklqana.
 13510 | D:10     | Killed Nergalle
 13584 | D:10     | Found a staircase to the Orcish Mines.
 13599 | D:10     | Noticed Maurice
 13607 | D:10     | Something stole 5 javelins
 13613 | D:10     | Something stole a +0 quarterstaff
 13633 | D:10     | Killed Maurice
 14416 | Orc:1    | Entered Level 1 of the Orcish Mines
 14499 | Orc:1    | Noticed Mls's ghost (journeyman MeFi)
 14502 | Orc:1    | Found a runed translucent door.
 14633 | Orc:2    | Entered Level 2 of the Orcish Mines
 14696 | Orc:2    | Reached XP level 15. HP: 88/88 MP: 16/16
 15017 | Orc:2    | Reached ****** piety under Wu Jian
 15023 | Orc:2    | Noticed an orc warlord
 15044 | Orc:2    | Killed an orc warlord
 15064 | Orc:2    | Found Kusi Muh's General Store.
 15176 | Orc:2    | Found Uferih's Assorted Antiques.
 15264 | Orc:2    | Noticed an orc warlord
 15272 | Orc:2    | Killed an orc warlord
 15423 | Orc:2    | HP: 1/88 [orc knight/+0 long sword (13)]
 15539 | Orc:2    | Found Lieworea's General Store.
 15555 | Orc:2    | Found Qiaca's Armour Shop.
 15800 | Orc:2    | Noticed Rupert
 15806 | Orc:2    | Killed Rupert
 15819 | Orc:2    | Found a staircase to the Elven Halls.
 16377 | Elf:1    | Entered Level 1 of the Elven Halls
 16387 | Elf:1    | Paralysed by an air elemental for 1 turns
 16631 | Elf:1    | Reached skill level 15 in Fighting
 16680 | Elf:1    | Reached skill level 15 in Staves
 16957 | Elf:1    | Reached XP level 16. HP: 95/95 MP: 17/17
 17057 | Elf:1    | Found Epikk's Antique Armour Shoppe.
 17316 | Elf:2    | Found a runed translucent gate.
 17317 | Elf:2    | Found a runed translucent gate.
 17317 | Elf:2    | Found a runed translucent gate.
 18413 | Elf:2    | Demolished by a deep elf knight

Illustrated notes

Levels and vault maps discovered:
D:1:      psy_arrival_heroes, layout_basic, minmay_rat_gold_closets
D:2:      minmay_diamond_boxcup, layout_basic, minivault_19, minmay_3d_cube
D:3:      layout_basic, nicolae_overflow_two_pavilions, minivault_24
D:4:      layout_cave_pools, lemuel_tele_altar, serial_undead, serial_undead_d,
          serial_undead_f, serial_undead_a, serial_undead_d,
          ebering_ghost_disaster_area
D:5:      layout_cave_pods, grunt_temple_overflow_opulence, temple_fountains,
          serial_shops, nicolae_stop_n_shop_1, nicolae_shop_crystal, shop,
          uniq_crazy_yiuf_cottage
D:6:      layout_layer_cave, mainiacjoe_overflow_tiny_flanked
D:7:      layout_basic, serial_shops, nicolae_shop_hallway_plus, minivault_23,
          kennysheep_doodads
D:8:      layout_loops_cross, lemuel_round_altar
D:9:      layout_loops_ring, minmay_lair_entry_grove, grunt_decor_arrowhead,
          roderic_roman_lattice
D:10:     layout_basic, nicolae_hepliaklqana_hazy_memory,
          onia_ninara_dug_in_and_dangerous, uniq_nergalle, uniq_maurice
Temple:   nicolae_temple_bog_church
Lair:1:   layout_big_grid, uniq_gastronok, uniq_joseph
Lair:2:   layout_small_grid, spider_nest_entry_web_field, tgw_fedhas
Lair:3:   gammafunk_boulding_lane, layout_small_grid,
          minmay_shoals_entry_lonely_mermaid, beast_lair_carwin_10
Lair:4:   layout_layer_cave, dpeg_slime_entry_corner, serial_bayou_shore_b,
          grunt_megastairs_3
Lair:5:   hellmonk_lair_end_abyssal_woods, layout_regular_city
Orc:1:    layout_caves, hellmonk_ghost_happy_afterlife
Orc:2:    pubby_orc_utopia, uniq_rupert
Elf:1:    eino_elf_arrival_customs, layout_geoelf_octagon, serial_shops, shop,
          hangedman_elf_represent, grunt_megastairs_1
Elf:2:    nicolae_elf_blades_crystal_corner, layout_gridlike, chequers_big_river

Skill      XL: |  1  2  3  4  5  6  7  8  9 10 11 12 13 14 15 16 |
---------------+-------------------------------------------------+-----
Fighting       | 2 3 4 6 7 9 10 11 12 14 15 16 | 16.2
Staves         | 3 4 5 6 7 9 10 11 12 14 15 16 | 16.1
Dodging        | 3 4 5 7 8 9 10 11 13 14 | 14.9
Throwing       | |  1.7

Action                     |  1- 3 |  4- 6 |  7- 9 | 10-12 | 13-15 | 16-18 || total
---------------------------+-------+-------+-------+-------+-------+-------++-------
  Melee: Quarterstaff      |    74 |   109 |   348 |    68 |    20 |       ||   619
         Bite              |    16 |    32 |    94 |   144 |   319 |    70 ||   675
         Lajatang          |       |       |       |   396 |   977 |   238 ||  1611
 Invoke: Serpent's Lash    |       |       |       |     4 |    21 |     3 ||    28
Ability: Lunge             |       |       |    16 |    27 |   118 |    31 ||   192
         Whirlwind         |       |       |     5 |   214 |   360 |    41 ||   620
         Wall Jump         |       |       |       |       |     5 |       ||     5
    Use: Scroll            |       |       |     9 |     7 |    11 |       ||    27
         Potion            |       |       |       |       |     1 |       ||     1
   Stab: Sleeping          |     3 |     1 |       |       |     9 |       ||    13
         Distracted        |       |       |       |       |     2 |     1 ||     3
 Armour: Leather armour    |    33 |    72 |   145 |       |       |       ||   250
         Scale mail        |       |       |    95 |   316 |    88 |       ||   499
         Steam dragon scal |       |       |     9 |       |       |       ||     9
         Robe              |       |       |       |       |   264 |   139 ||   403
         Skin              |       |       |       |       |     5 |       ||     5
  Dodge: Dodged            |    40 |    95 |   225 |   247 |   383 |    73 ||  1063

Table legend: (Time is in decaauts)
 A = Elapsed time spent in this place.
 B = Non-inter-level travel time spent in this place.
 C = Inter-level travel time spent in this place.
 D = Time resting spent in this place.
 E = Time spent auto-exploring this place.
 F = Levels seen in this place.
 G = Mean time per level.
                   A        B        C        D        E       F      G
               +--------+--------+--------+--------+--------+-----+--------+
         Total |  18343 |  17547 |    796 |    838 |  11986 |  20 |  917.2 |
       Dungeon |   8995 |   8569 |    426 |    273 |   6419 |  10 |  899.5 |
        Temple |     36 |     36 |      0 |      0 |      0 |   1 |   36.0 |
          Lair |   5395 |   5166 |    229 |    510 |   3215 |   5 | 1079.0 |
  Orcish Mines |   1928 |   1855 |     73 |      0 |   1224 |   2 |  964.0 |
   Elven Halls |   1987 |   1921 |     66 |     55 |   1127 |   2 |  993.5 |
               +--------+--------+--------+--------+--------+-----+--------+

Top non-repeatable levels by time:
   Orc:2: 1618 daAuts
  Lair:4: 1275 daAuts
  Lair:5: 1146 daAuts
   Elf:2: 1132 daAuts
  Lair:2: 1123 daAuts
     D:6: 1106 daAuts
     D:5: 1015 daAuts
     D:7: 1006 daAuts
     D:9: 974 daAuts
  Lair:3: 960 daAuts
     D:1: 922 daAuts
    D:10: 920 daAuts
  Lair:1: 890 daAuts
   Elf:1: 855 daAuts
     D:3: 853 daAuts
